 Dungeon Crawl Stone Soup version 0.29.1-15-g9cfb28693d (webtiles) character file.

Game seed: 14290624083135186522

49185 croobank the Covert (level 14, -11/109 HPs)
             Began as a Demonspawn Fire Elementalist on Feb 24, 2023.
             Was an Initiate of Gozag.
             Mangled by an ettin
             ... wielding a +0 dire flail
              (36 damage)
             ... on level 2 of the Orcish Mines.
             The game lasted 01:43:48 (34029 turns).

croobank the Covert (Demonspawn Fire Elementalist) Turns: 34029, Time: 01:43:49

Health: -11/109    AC: 10    Str:  9    XL:     14   Next: 15%
Magic:  8/27       EV: 16    Int: 25    God:    Gozag
Gold:   1413       SH:  5    Dex: 15    Spells: 8/31 levels left

rFire   + . .      SeeInvis .   a - +3 whip (vamp)
rCold   + . .      Faith    .   P - +0 buckler
rNeg    + . .      Spirit   .   n - +0 robe {rN+}
rPois   +          Reflect  .   M - +1 hat
rElec   .          Harm     .   S - +0 cloak
rCorr   .          Rampage  .   (gloves unavailable)
Will    +....                   y - +1 pair of boots
Stlth   +++++.....              X - amulet of magic regeneration
HPRegen 0.28/turn               Q - ring of Xom's Righteous Fury {rF+ Int+5}
MPRegen 0.60/turn               Z - ring "Iran Van" {rPois Stlth+}

@: no status effects
A: icy blue scales 3, foul stench 2, powered by death 1, demonic touch 3
a: Renounce Religion, Potion Petition, Call Merchant, Bribe Branch


You were on level 2 of the Orcish Mines.
You worshipped Gozag.
Gozag was most pleased with you.
You visited 4 branches of the dungeon, and saw 19 of its levels.
You also visited: Ossuary.

You collected 5775 gold pieces.
You paid 4362 gold pieces to Gozag.

Inventory:

Hand Weapons
 a - a +3 vampiric whip (weapon)
 d - the +6 spear "Bofoaz" {antimagic, rPois Dex+3}
   (You found it on level 5 of the Lair of Beasts)

   It reduces the magical energy of the wielder, and disrupts the spells and
   magical abilities of those it strikes.
   Natural abilities and divine invocations are not affected.
   Dex:       It affects your dexterity (+3).
   rPois:     It protects you from poison.
 r - a +0 scimitar
 C - a +0 trident
 N - a +1 great sword of electrocution
Missiles
 l - 6 javelins
 z - 22 poisoned darts
 Y - 4 atropa-tipped darts
Armour
 n - a +0 robe of positive energy (worn)
 y - a +1 pair of boots (worn)
 M - a +1 hat (worn)
 P - a +0 buckler (worn)
 S - a +0 cloak (worn)
Jewellery
 b - a ring of positive energy
 c - a +6 ring of strength
 h - a ring of ice
 p - a ring of positive energy
 t - a ring of wizardry
 v - a +6 ring of strength
 D - a ring of willpower
 F - an amulet of reflection
 Q - the ring of Xom's Righteous Fury (left hand) {rF+ Int+5}
   (You found it on level 7 of the Dungeon)

   [ring of protection from fire]

   Int:       It affects your intelligence (+5).
   rF:        It protects you from fire.
 X - an amulet of magic regeneration (around neck)
 Z - the ring "Iran Van" (right hand) {rPois Stlth+}
   (You found it on level 1 of the Lair of Beasts)

   [ring of poison resistance]

   rPois:     It protects you from poison.
   Stlth:     It makes you more stealthy.
Wands
 u - a wand of roots (15)
 A - a wand of quicksilver (8)
 L - a wand of charming (2)
 R - a wand of polymorph (5)
 T - a wand of mindburst (20)
 W - a wand of flame (18)
Scrolls
 j - a scroll of amnesia
 k - a scroll of vulnerability
 m - 4 scrolls of immolation
 s - 6 scrolls of identify
 w - 2 scrolls of teleportation
 B - a scroll of silence
 E - a scroll of torment
 I - 3 scrolls of blinking
 U - 3 scrolls of fog
Potions
 e - 3 potions of lignification
 f - 5 potions of might
 g - 6 potions of flight
 i - a potion of attraction
 o - 3 potions of haste
 q - 4 potions of berserk rage
 x - a potion of ambrosia
 H - 2 potions of cancellation
 J - 3 potions of mutation
 K - 2 potions of brilliance
 O - a potion of magic
 V - 3 potions of curing
Miscellaneous
 G - a box of beasts


   Skills:
 + Level 9.9 Fighting
 + Level 9.5 Dodging
 + Level 10.1 Stealth
 - Level 3.0 Shields
 + Level 9.4 Spellcasting
 + Level 10.1 Conjurations
 - Level 5.0 Hexes
 - Level 3.0 Transmutations
 + Level 9.5 Fire Magic


You had 8 spell levels left.
You knew the following spells:

 Your Spells              Type           Power      Damage    Failure   Level
a - Foxfire               Conj/Fire      100%       2x1d9     1%          1
b - Scorch                Fire           100%       2d10      1%          2
c - Inner Flame           Hex/Fire       48%        N/A       1%          3
d - Searing Ray           Conj           100%       2d8       1%          2
e - Mephitic Cloud        Conj/Pois/Air  28%        N/A       5%          3
f - Poisonous Vapours     Pois/Air       22%        N/A       11%         2
g - Fulminant Prism       Conj/Hex       24%        3d13      3%          4
h - Flame Wave            Conj/Fire      57%        2d14      1%          4
i - Wereblood             Tmut           26%        N/A       3%          2

Your spell library contained the following spells:

 Spells                   Type           Power      Damage    Failure   Level
 Magic Dart               Conj           100%       1d8       1%          1
 Conjure Flame            Conj/Fire      57%        6-21      1%          3
 Stone Arrow              Conj/Erth      74%        3d11      2%          3
 Call Imp                 Summ           11%        N/A       11%         2
 Sublimation of Blood     Necr           11%        N/A       11%         2
 Animate Armour           Summ/Erth      22%        N/A       56%         4
 Summon Hydra             Summ           5%         N/A       100%        7
 Lehudib's Crystal Spear  Conj/Erth      18%        10d6      100%        8
 Corpse Rot               Necr/Pois/Air  Unusable   N/A       N/A         4

Dungeon Overview and Level Annotations

Branches:
Dungeon (11/15)            Temple (1/1) D:4            Lair (5/5) D:10
 Shoals (0/4) Lair:2        Snake (0/4) Lair:3        Slime (0/5) Lair:4
    Orc (2/2) D:10        Ossuary (visited)
    Elf: Orc:2

Altars:
Ashenzari
Cheibriados
Dithmenos
Fedhas
Gozag
Hepliaklqana
Kikubaaqudgha
Makhleb
Nemelex Xobeh
Okawaru
Qazlal
Ru
Sif Muna
Trog
Uskayaw
Vehumet
Wu Jian
Xom
Yredelemnul
Jiyva
Lugonu

Shops:
D:2 !   D:9 [


Innate Abilities, Weirdness & Mutations

You are completely covered in icy blue scales. (AC +4, rC+)
You sometimes emit foul miasma when damaged in melee.
You regenerate a little health from kills.
Your touch may irresistibly damage your foes and sap their willpower.


Message History

Your magical contamination has completely faded away.
Casting: Fulminant Prism (dangerous; 3% risk of failure)
Confirm with . or Enter, or press ? or * to list all spells.
Flames lash the ettin.
The ettin is moderately wounded.
The ettin's fire resistance burns away.
You hear a shout!
Your fulminant prism explodes!
The blast of energy engulfs the ettin!
The ettin is heavily wounded.
An orc warrior comes into view. It is wielding a +0 long sword.
You hear a shout! x7
Casting: Scorch (safe; 1% risk of failure)
Confirm with . or Enter, or press ? or * to list all spells.
Flames lash the ettin.
The ettin is burned terribly!
The ettin is severely wounded.
The ettin hits you with a +0 dire flail!!
The ettin closely misses you.
Casting: Scorch (safe; 1% risk of failure)
Confirm with . or Enter, or press ? or * to list all spells.
Flames lash the ettin.
The ettin is burned terribly!
The ettin is severely wounded.
The ettin hits you with a +0 dire flail!!
The ettin barely misses you.
Casting: Scorch (safe; 1% risk of failure)
Confirm with . or Enter, or press ? or * to list all spells.
Flames lash the ettin.
The ettin is burned terribly!
The ettin is almost dead.
The ettin hits you with a +0 dire flail!!
* * * LOW HITPOINT WARNING * * *
You emit a cloud of foul miasma!
The ettin barely misses you.
Casting: Scorch (safe; 1% risk of failure)
Confirm with . or Enter, or press ? or * to list all spells.
Flames lash the orc.
The orc is heavily wounded.
The orc's fire resistance burns away.
The ettin is engulfed in dark miasma.
The ettin is poisoned.
The ettin barely misses you.
The ettin hits you with a +0 dire flail!!!
You die...
Your body crumbles into a pile of gold.

#.............
................
##...............
#..............#
$ ##.............
#...<..........
#...........#
##.........#.
#...@C...##
##..oo....#
#.....^.##
#....#.o..#
##....#...#
#........#
#..#.#.....
...###.....$ ##..
.......


You could see an ettin (poisoned, combustible), an orc warrior and 2 orcs.

Vanquished Creatures
  Nessos (Lair:3)
  A fire dragon (Lair:5)
  3 hydras (Lair:5)
  A boulder beetle (Lair:5)
  Amaemon (D:8)
  A swamp dragon (Lair:5)
  4 oklob plants
  An orc sorcerer (Orc:1)
  A wolf spider (Lair:5)
  5 elephants
  A guardian serpent (Lair:5)
  7 black mambas
  An orange demon (D:8)
  15 cane toads
  4 rime drakes (Lair:5)
  14 komodo dragons
  4 trolls
  3 hornets
  9 blink frogs
  A slime creature (D:9)
  12 dream sheep
  12 wyverns
  A wraith (D:10)
  24 yaks
  A vampire (D:9)
  A fire elemental (Lair:4)
  13 basilisks
  Grum (Lair:1)
  A redback (Lair:5)
  2 vampire mosquitoes (D:10)
  6 steam dragons
  2 nagas (Lair:3)
  4 acid dragons
  24 water moccasins
  3 black bears
  6 sky beasts
  A swamp drake (Lair:5)
  4 orc warriors
  17 wolves
  2 ogres
  5 centaurs
  10 bullfrogs
  2 necrophages
  A gnoll sergeant (D:7)
  2 kobold brigands
  5 scorpions
  4 wights
  15 killer bees
  2 electric eels (D:8)
  9 howler monkeys
  2 hounds
  8 orc priests
  3 gnoll boudas
  2 jellies
  Crazy Yiuf (D:7)
  5 iguanas
  10 orc wizards
  8 hell rats
  12 mummies (Ossuary)
  15 gnolls
  7 adders
  7 river rats (Lair:4)
  6 worms
  35 orcs
  13 ball pythons
  8 bats
  3 bat zombies (D:5)
  10 endoplasms
  4 giant cockroaches
  7 goblins
  15 hobgoblins
  14 jackals
  6 quokkas
  4 frilled lizards
  A gnoll skeleton (Ossuary)
  2 goblin skeletons (Ossuary)
  20 kobolds
  A kobold skeleton (Ossuary)
  4 orc skeletons (Ossuary)
  9 rats
  11 rat skeletons (Ossuary)
  2 rat zombies (D:5)
  A butterfly (Lair:5)
  2 foxfires
  4 fulminant prisms
532 creatures vanquished.

Vanquished Creatures (collateral kills)
  Gastronok (Lair:1)
  A boulder beetle (Lair:4)
  2 hydras
  A manticore (Lair:2)
  A wind drake (Lair:2)
  A killer bee (D:8)
  15 foxfires
22 creatures vanquished.

Vanquished Creatures (others)
  Maurice (D:8)
  A komodo dragon (Lair:5)
  An orc wizard (D:4)
  An orc (D:5)
  A bush (Lair:5)
  1046 foxfires
  84 fulminant prisms
  66 fungi
  140 plants
1341 creatures vanquished.

Grand Total: 1895 creatures vanquished

Notes
Turn   | Place    | Note
-------+----------+-------------------------------------------
     0 | D:1      | croobank the Demonspawn Fire Elementalist began the quest
                  | for the Orb.
     0 | D:1      | Reached XP level 1. HP: 13/13 MP: 3/3
   222 | D:1      | Gained mutation: You are partially covered in icy blue
                  | scales. (AC +2) [demonic ancestry]
   222 | D:1      | Reached XP level 2. HP: 19/19 MP: 0/5
   371 | D:1      | Learned a level 2 spell: Scorch
  1373 | D:1      | Reached XP level 3. HP: 25/25 MP: 3/6
  1950 | D:2      | Reached skill level 1 in Fighting
  2072 | D:2      | Learned a level 3 spell: Inner Flame
  2209 | D:2      | Reached XP level 4. HP: 22/32 MP: 0/7
  2437 | D:2      | Found Usmesun's Distillery.
  3482 | D:3      | Reached XP level 5. HP: 24/37 MP: 3/8
  3917 | D:3      | Found a faded altar of an unknown god.
  4038 | D:3      | Reached skill level 1 in Hexes
  5262 | D:4      | Found a staircase to the Ecumenical Temple.
  5277 | Temple   | Entered the Ecumenical Temple
  5293 | Temple   | Became a worshipper of Gozag Ym Sagoz the Greedy
  5409 | D:4      | Gained mutation: You regenerate a little health from kills.
                  | [demonic ancestry]
  5409 | D:4      | Reached XP level 6. HP: 44/44 MP: 5/10
  5836 | D:4      | Learned a level 2 spell: Searing Ray
  6011 | D:4      | Found a basalt altar of Yredelemnul.
  6463 | D:4      | Found an ornate altar of the Wu Jian Council.
  6850 | D:4      | Gained mutation: Your touch may inflict minor irresistible
                  | damage on your foes. [demonic ancestry]
  6850 | D:4      | Reached XP level 7. HP: 47/47 MP: 4/11
  6938 | D:4      | Found a radiant altar of Vehumet.
  7274 | D:4      | Learned a level 3 spell: Mephitic Cloud
  7341 | D:5      | Entered Level 5 of the Dungeon
  8944 | D:5      | Gained mutation: You may rarely emit foul miasma when
                  | damaged in melee. [demonic ancestry]
  8944 | D:5      | Reached XP level 8. HP: 58/58 MP: 8/13
  9006 | D:5      | Found an iron altar of Okawaru.
  9006 | D:5      | Found a bloodstained altar of Trog.
  9442 | D:5      | Found an ancient bone altar of Kikubaaqudgha.
  9470 | D:6      | Learned a level 2 spell: Poisonous Vapours
 11091 | D:7      | Found a shadowy altar of Dithmenos.
 11460 | D:7      | Found a sparkling altar of Nemelex Xobeh.
 11514 | D:7      | Reached XP level 9. HP: 65/65 MP: 4/15
 11530 | D:7      | Found a blossoming altar of Fedhas.
 11920 | D:7      | Learned a level 4 spell: Fulminant Prism
 11975 | D:7      | Reached skill level 5 in Fire Magic
 12310 | D:7      | Found a broken altar of Ashenzari.
 12313 | D:7      | Identified the +8 chain mail of Wavin {rN+ MP+9 Str+3
                  | Int+3}
 12337 | D:7      | Identified the ring of Xom's Righteous Fury {rF+ Int+5}
 12372 | D:7      | Reached skill level 5 in Stealth
 12504 | D:7      | Found a hide-covered altar of Uskayaw.
 12723 | D:7      | Found a runed translucent door.
 12724 | D:7      | Noticed Crazy Yiuf
 12729 | D:7      | Killed Crazy Yiuf
 12730 | D:7      | Reached skill level 1 in Shields
 12904 | D:8      | Noticed Amaemon
 12955 | D:8      | Found a shimmering altar of Xom.
 13200 | D:8      | Found a sand-covered staircase.
 13204 | Ossuary  | Entered an ossuary
 14190 | D:8      | Noticed Maurice
 14197 | D:8      | Reached skill level 5 in Spellcasting
 14215 | D:8      | Reached skill level 5 in Dodging
 14215 | D:8      | Reached skill level 5 in Conjurations
 14242 | D:8      | Reached skill level 5 in Fighting
 14445 | D:8      | Gained mutation: You are mostly covered in icy blue scales.
                  | (AC +3) [demonic ancestry]
 14445 | D:8      | Reached XP level 10. HP: 74/74 MP: 5/17
 14456 | D:8      | Killed Maurice
 14457 | D:8      | Reached skill level 5 in Hexes
 16004 | D:8      | Noticed an orange demon
 16015 | D:8      | Killed an orange demon
 16033 | D:8      | Killed Amaemon
 16908 | D:9      | Found Cheibriados's Comfort Zone.
 17091 | D:9      | Found a snail-covered altar of Cheibriados.
 17651 | D:10     | Entered Level 10 of the Dungeon
 17669 | D:10     | Gained mutation: Your touch may inflict irresistible damage
                  | on your foes. [demonic ancestry]
 17669 | D:10     | Reached XP level 11. HP: 76/83 MP: 5/20
 17894 | D:10     | Found a hazy altar of Hepliaklqana.
 17927 | D:10     | Found a staircase to the Orcish Mines.
 18058 | D:10     | Found a staircase to the Lair.
 19304 | D:11     | Noticed a deep elf pyromancer
 19474 | Lair:1   | Entered Level 1 of the Lair of Beasts
 19685 | Lair:1   | Noticed Grum
 20200 | Lair:1   | Killed Grum
 20528 | Lair:1   | Noticed a five-headed hydra
 20729 | Lair:1   | Identified the ring "Iran Van" {rPois Stlth+}
 20748 | Lair:1   | Noticed Gastronok
 20765 | Lair:1   | Killed Gastronok
 20784 | Lair:1   | Killed a five-headed hydra
 21759 | Lair:2   | Found a blossoming altar of Fedhas.
 21761 | Lair:2   | Noticed an oklob plant
 21767 | Lair:2   | Killed an oklob plant
 21833 | Lair:2   | Noticed an oklob plant
 21839 | Lair:2   | Killed an oklob plant
 21840 | Lair:2   | Gained mutation: Your touch may irresistibly damage your
                  | foes and sap their willpower. [demonic ancestry]
 21840 | Lair:2   | Reached XP level 12. HP: 37/91 MP: 10/22
 22875 | Lair:2   | Found a staircase to the Shoals.
 23309 | Lair:2   | Identified the +8 trident of Infinity {venom, *Rage rPois
                  | Int-3 Stlth+}
 24030 | Lair:3   | Noticed Nessos
 24048 | Lair:3   | Killed Nessos
 24952 | Lair:3   | Learned a level 4 spell: Flame Wave
 24955 | Lair:3   | Learned a level 2 spell: Wereblood
 25006 | Lair:3   | Found a staircase to the Snake Pit.
 26131 | Lair:4   | Reached skill level 1 in Transmutations
 26169 | Lair:4   | Noticed a boulder beetle
 26188 | Lair:4   | Noticed an eight-headed hydra
 26201 | Lair:4   | Killed an eight-headed hydra
 26205 | Lair:4   | Killed a boulder beetle
 26245 | Lair:4   | Found a viscous altar of Jiyva.
 26391 | Lair:4   | Found a staircase to the Slime Pits.
 27744 | Lair:4   | Gained mutation: You are completely covered in icy blue
                  | scales. (AC +4, rC+) [demonic ancestry]
 27744 | Lair:4   | Reached XP level 13. HP: 96/99 MP: 5/25
 28101 | Lair:5   | Entered Level 5 of the Lair of Beasts
 28842 | Lair:5   | HP: 3/100 [black mamba (9)]
 30305 | Lair:5   | Noticed a fire dragon
 30324 | Lair:5   | Killed a fire dragon
 30476 | Lair:5   | Identified the +6 spear "Bofoaz" {antimagic, rPois Dex+3}
 32511 | Lair:5   | Reached skill level 10 in Stealth
 32531 | Lair:5   | Gained mutation: You sometimes emit foul miasma when
                  | damaged in melee. [demonic ancestry]
 32531 | Lair:5   | Reached XP level 14. HP: 87/109 MP: 14/27
 32859 | Lair:5   | Reached skill level 10 in Conjurations
 33578 | Orc:1    | Entered Level 1 of the Orcish Mines
 34003 | Orc:2    | Entered Level 2 of the Orcish Mines
 34029 | Orc:2    | Mangled by an ettin

Illustrated notes

Levels and vault maps discovered:
D:1:      ncdulo_wetmaze, layout_basic, st_stairs_7, minmay_indecisive_spiral
D:2:      layout_loops_corners, serial_glass, glass_columns_a, glass_columns_a,
          glass_columns_b, glass_columns_c, serial_shops, shop, minmay_circled_x
D:3:      layout_loops_ring, nicolae_overflow_ecumenical_swirl,
          grunt_decor_mini_mirrors
D:4:      cheibrodos_barr_body, layout_basic, yredelemnul_altar_generic,
          mainiacjoe_overflow_alcove_2, lemuel_round_altar,
          minmay_temple_entry_glassed_door, minmay_surrounded
D:5:      layout_rooms, grunt_temple_overflow_bloody_war,
          lemuel_zombie_altar_kikubaaqudgha, lemuel_coloured_pillars_altar
D:6:      layout_loops_ring
D:7:      layout_loops_cross, lemuel_crystal_altar,
          grunt_dithmenos_smoke_and_mirrors, mainiacjoe_overflow_brackets,
          nicolae_uskayaw_dance_studio, nicolae_ashenzari_skybound,
          serial_glass, glass_columns_b, glass_columns_a, glass_columns_b,
          glass_columns_c, glass_columns_a, glass_columns_a,
          uniq_crazy_yiuf_cottage
D:8:      layout_loops_ring, amcnicky_altar_gilded,
          lightli_ossuary_entry_decrepit_ruins, hellmonk_bongcloud_opening,
          serial_bayou_pond_b, hangedman_misty_isle, uniq_amaemon, uniq_maurice
D:9:      wad_cavern_with_rooms, layout_basic, minmay_shop_chei,
          kennysheep_generic_room_10
D:10:     nicolae_cairo_tiling_very_big, layout_loops_ring,
          mainiacjoe_overflow_catwalk, david_lair_generic, enter_bailey_8,
          minivault_11
D:11:     layout_big_octagon
Temple:   corrupted_temple
Lair:1:   layout_layer_cave, grunt_megastairs_4, uniq_grum, uniq_gastronok
Lair:2:   layout_roguey, minmay_shoals_entry_beasts, hangedman_tree_tricks,
          nicolae_quartered_pool_medium, infiniplex_staircase_pool_2
Lair:3:   layout_hall_layers, guppyfry_snake_entry_garden, uniq_nessos
Lair:4:   layout_gridlike, minmay_slime_entry_oklob_enclosed,
          kennysheep_rathole, serial_bayou_shore_b
Lair:5:   hangedman_lair_tendril_chambers, layout_misc_corridors,
          guppyfry_lair_end_dragon, lemuel_fruit_fields
Orc:1:    layout_caves
Orc:2:    pf_orc_diabolical, layout_caves, serial_shops, bzr_entry_road

Skill      XL: |  1  2  3  4  5  6  7  8  9 10 11 12 13 14 |
---------------+-------------------------------------------+-----
Dodging        | 2 3 4 5 6 7 8 9 |  9.5
Stealth        | 2 3 4 5 6 7 9 10 | 10.1
Fire Magic     | 3 4 5 6 7 8 9 |  9.5
Fighting       | 1 2 3 4 5 6 7 8 9 |  9.9
Conjurations   | 2 3 4 5 6 7 8 9 10 | 10.1
Hexes          | 1 2 3 4 5 |  5.0
Spellcasting   | 3 4 5 6 7 8 9 |  9.4
Shields        | 3 |  3.0
Transmutations | 1 3 |  3.0

Action                   |  1- 3 |  4- 6 |  7- 9 | 10-12 | 13-15 || total
-------------------------+-------+-------+-------+-------+-------++-------
Melee: Short sword       |    18 |       |       |       |       ||    18
       Whip              |    22 |    84 |    92 |   205 |    93 ||   496
       Punch             |       |     1 |     1 |       |       ||     2
       Touch             |       |       |    15 |       |       ||    15
 Cast: Foxfire           |    51 |    71 |   133 |   259 |   132 ||   646
       Scorch            |     9 |    52 |   125 |   176 |   168 ||   530
       Searing Ray       |       |     2 |    11 |    37 |     1 ||    51
       Inner Flame       |       |     1 |       |     1 |       ||     2
       Mephitic Cloud    |       |       |     3 |     6 |     2 ||    11
       Poisonous Vapours |       |       |     3 |    15 |     5 ||    23
       Fulminant Prism   |       |       |     1 |    49 |    38 ||    88
       Flame Wave        |       |       |       |     1 |    11 ||    12
Invok: Potion Petition   |       |       |       |     2 |     6 ||     8
Evoke: Wand              |       |       |       |     4 |    16 ||    20
  Use: Scroll            |       |    14 |     8 |    12 |    10 ||    44
       Potion            |       |     4 |     1 |     8 |     7 ||    20
 Stab: Sleeping          |     1 |     1 |     2 |     1 |       ||     5
       Distracted        |       |       |     2 |     1 |     1 ||     4
       Confused          |       |       |       |       |     2 ||     2
Armor: Robe              |    16 |    41 |    57 |    54 |    57 ||   225
       Skin              |       |       |       |       |    14 ||    14
Dodge: Dodged            |    27 |    58 |   108 |   200 |   209 ||   602
Block: Other             |       |       |    27 |       |       ||    27
       Reflection        |       |       |     2 |     7 |     1 ||    10
       Buckler           |       |       |       |   164 |   133 ||   297
